AoeStats
← PolloPolloPolla

Arabia

507062954Analyzed
1v1 RM · 16d ago on Sep 16, 2026· 44m 15s· 2 players
Game mode
Random Map
Map size
Tiny (2 player)
Population
200
Speed
Normal
Resources
Standard
Victory
Conquest
Starting age
Dark Age
Ending age
Imperial Age
RankedLock teamsTeams togetherTeam positionsShared explorationLock speedFull tech treeHidden civsTurbo modeCheats
Victory
Defeat
🇨🇱 Burgundians · Chile
990
+16
🇪🇸 Japanese · Spain
982
-16
PolloPolloPolla
7:21 Loom
9:36 Feudal Age
11:02 Double-Bit Axe
13:49 Horse Collar
16:01 Fletching
19:18 Castle Age
20:11 Crossbowman
20:57 Padded Archer Armor
21:02 Pikeman
21:45 Scale Mail Armor
22:36 Gold Mining
25:05 Bodkin Arrow
27:31 Bow Saw
28:33 Chain Mail Armor
28:37 Leather Archer Armor
31:19 Wheelbarrow
31:29 Thumb Ring
31:50 Stone Mining
33:13 Hand Cart
33:01 Town Watch
33:47 Ballistics
35:28 Sanctity
35:19 Fervor
38:04 Imperial Age
36:48 Gambesons
37:03 Squires
37:20 Chain Mail Armor
37:16 Forging
38:08 Arbalester
41:43 Chemistry
41:25 Plate Mail Armor
40:34 Halberdier
43:15 Bracer
Shevy
6:59 Loom
9:50 Feudal Age
10:43 Double-Bit Axe
21:28 Castle Age
20:12 Bow Saw
19:43 Horse Collar
20:48 Scale Barding Armor
20:58 Heavy Plow
20:49 Gold Mining
22:07 Gold Shaft Mining
21:37 Cavalier
22:49 Elite Skirmisher
23:44 Fletching
24:01 Husbandry
27:24 Scale Mail Armor
27:47 Chain Barding Armor
27:26 Bodkin Arrow
31:24 Forging
32:14 Padded Archer Armor
34:24 Iron Casting
37:49 Imperial Age
36:34 Wheelbarrow
35:44 Town Watch
36:38 Ballistics
39:50 Chemistry
39:45 Bracer
40:00 Leather Archer Armor
39:46 Onager
42:00 Plate Barding Armor
42:25 Blast Furnace
41:26 Paladin
Connection lost

Rejoining the realm…

Still unreachable

The connection could not be restored.

Session expired

The server has moved on; the page needs a fresh start.